Map: Ice and Chrome LE

Players

liquidthermy (uThermal) - Winner!

  • Race: Terran Terran
  • Spawn Location: 7:00

SKillous

  • Race: Protoss Protoss
  • League: Grandmaster
  • Spawn Location: 1:00

VOD

Have the link to the VOD?

Description

Time

  • Played on: July 2, 2020, 12:58 p.m.
  • Length: 8:23
Show
View Real Time Build Order
Export as new Build Order

liquidthermy Terran - Winner!

Build Orders: Reaper Expand 

Get SALT Encoding   

  12  0:01  SCV  
  13  0:13  SCV  
  14  0:16  Supply Depot  
  14  0:25  SCV  
  15  0:38  SCV  
  15  0:39  Barracks  
  16  0:43  Refinery  
  16  0:50  SCV  
  17  1:02  SCV  
  18  1:14  SCV  
  19  1:27  Orbital Command, Reaper  
  20  1:40  Command Center  
  20  1:51  Supply Depot  
  20  1:53  SCV  
  21  1:59  Marine  
  22  2:05  SCV  
  22  2:08  Factory  
  23  2:12  Refinery  
  23  2:17  SCV  
  23  2:21  Barracks Reactor  
  23  2:22  Bunker  
  24  2:29  SCV  
  24  2:41  SCV  
  25  2:52  Orbital Command, Hellion  
  25  2:53  Starport  
  25  2:54  SCV  
  25  2:57  Marine  
  29  3:00  Marine  
  30  3:06  SCV  
  31  3:13  Factory Tech Lab  
  31  3:15  Marine  
  31  3:18  SCV, Marine  
  31  3:19  SCV  
  35  3:30  SCV  
  35  3:31  SCV  
  35  3:33  Marine  
  38  3:36  Raven, Marine  
  38  3:38  Factory Tech Lab  
  38  3:39  Supply Depot  
  41  3:42  SCV  
  41  3:43  SCV  
  43  3:51  Marine  
  43  3:54  Marine  
  43  3:55  SCV x2  
  44  4:01  Siege Tank  
  44  4:02  Supply Depot  
  48  4:07  SCV  
  48  4:08  SCV  
  50  4:11  Command Center  
  50  4:12  Marine  
  50  4:14  Marine  
  52  4:19  SCV  
  52  4:20  SCV  
  52  4:22  Barracks  
  54  4:27  Barracks  
  54  4:31  SCV  
  55  4:32  SCV  
  55  4:34  Supply Depot  
  55  4:37  Siege Tank  
  59  4:39  Marine x2  
  59  4:43  SCV  
  62  4:52  Engineering Bay  
  62  4:53  Engineering Bay  
  62  4:55  SCV  
  62  4:57  Marine  
  62  4:58  Marine  
  62  4:59  SCV  
  66  5:07  SCV, Barracks x2  
  66  5:12  Stimpack  
  66  5:13  Marauder  
  69  5:15  Factory Reactor  
  69  5:16  Refinery  
  69  5:18  Refinery, Starport Reactor  
  69  5:19  SCV  
  70  5:23  Marine x2  
  70  5:25  Orbital Command  
  72  5:29  SCV  
  72  5:31  Supply Depot  
  72  5:35  Marauder x2  
  77  5:40  Marine x2  
  77  5:42  Terran Infantry Weapons Level 1  
  79  5:45  Terran Infantry Armor Level 1  
  79  5:49  Supply Depot  
  79  5:55  Barracks Reactor, Barracks Tech Lab  
  79  5:56  Orbital Command, Marauder  
  79  5:57  Marauder  
  83  6:00  Widow Mine, Supply Depot  
  83  6:01  Widow Mine  
  87  6:04  Marine  
  87  6:07  SCV x2  
  87  6:10  Medivac  
  92  6:12  Supply Depot  
  90  6:18  Medivac  
  90  6:19  Supply Depot  
  90  6:23  Marauder  
  90  6:25  Marauder, Marine x3  
  96  6:28  Widow Mine  
  96  6:29  Widow Mine  
  96  6:32  Supply Depot  
  103  6:36  Supply Depot  
  103  6:37  Combat Shield  
  103  6:38  Marine x2  
  105  6:43  Marine  
  105  6:44  Marine x2  
  105  6:46  Marine  
  109  6:49  Concussive Shells  
  109  6:50  Widow Mine  
  109  6:51  Widow Mine  
  109  6:53  Marine  
  114  6:55  Medivac  
  114  6:57  Marine x2  
  114  7:01  Marine, Supply Depot  
  118  7:02  Marauder  
  118  7:03  Marauder  
  118  7:05  Marauder  
  118  7:08  Supply Depot  
  125  7:11  Marine  
  125  7:14  Marine, Widow Mine  
  125  7:15  Widow Mine, Marine  
  132  7:17  Medivac  
  132  7:19  Marine  
  132  7:22  Supply Depot  
  135  7:25  Marauder x2  
  135  7:26  Marauder  
  135  7:29  Marine  
  142  7:32  Marine  
  142  7:34  Medivac  
  142  7:35  Marine  
  142  7:36  Marine  
  147  7:37  Widow Mine  
  147  7:43  Supply Depot x2  
  149  7:46  Marauder, Marine  
  149  7:47  Marine  
  149  7:48  Medivac  
  149  7:49  Widow Mine  
  149  7:50  Marine  
  157  7:51  Supply Depot  
  157  7:53  Marine  
  158  7:59  Widow Mine  
Show
View Real Time Build Order
Export as new Build Order

SKillous Protoss 

Build Orders: 1 Gate Expand, Blink Stalkers, Zealot Archon 

Get SALT Encoding   

  12  0:00  Probe  
  13  0:12  Probe  
  14  0:17  Pylon  
  14  0:24  Probe  
  15  0:33  Probe  
  15  0:36  Gateway  
  15  0:41  Probe  
  16  0:43  Assimilator  
  17  0:51  Probe  
  18  1:03  Probe  
  19  1:15  Probe  
  20  1:24  Cybernetics Core  
  20  1:33  Nexus  
  20  1:37  Probe  
  21  1:44  Pylon  
  21  1:51  Assimilator  
  21  1:52  Adept, Probe  
  22  2:01  Probe  
  22  2:05  Warp Gate  
  25  2:09  Probe  
  26  2:18  Probe  
  26  2:20  Twilight Council  
  26  2:29  Stalker  
  28  2:36  Probe  
  29  2:42  Probe  
  29  2:48  Probe  
  29  2:49  Gateway  
  29  2:50  Probe  
  31  2:52  Blink  
  32  3:00  Probe  
  32  3:04  Probe  
  34  3:08  Probe  
  35  3:16  Probe x2  
  36  3:20  Robotics Facility  
  36  3:24  Stalker  
  39  3:27  Probe  
  39  3:28  Probe  
  41  3:39  Probe  
  42  3:42  Pylon, Probe  
  42  3:51  Probe  
  42  3:54  Probe  
  42  3:55  Sentry  
  44  4:01  Nexus  
  45  4:03  Probe x2  
  45  4:09  Observer  
  48  4:11  Assimilator  
  48  4:15  Probe  
  48  4:16  Probe  
  50  4:18  Pylon  
  50  4:26  Gateway  
  50  4:28  Gateway, Probe x2  
  52  4:33  Observer  
  52  4:37  Pylon  
  53  4:39  Stalker  
  53  4:40  Probe  
  53  4:43  Stalker  
  53  4:45  Probe  
  59  4:48  Probe  
  60  4:54  Observer  
  60  4:56  Forge, Probe  
  60  4:57  Probe  
  62  5:06  Charge, Probe  
  63  5:08  Forge  
  63  5:09  Probe x2  
  66  5:15  Observer, Probe  
  66  5:17  Probe  
  66  5:21  Probe  
  69  5:23  Probe  
  69  5:26  Gateway, Protoss Ground Weapons Level 1  
  69  5:27  Gateway  
  69  5:28  Gateway, Protoss Ground Armor Level 1  
  71  5:31  Probe  
  71  5:33  Probe  
  71  5:34  Probe  
  74  5:41  Observer, Pylon  
  75  5:44  Probe  
  75  5:45  Probe  
  75  5:48  Gateway  
  75  5:49  Probe  
  78  5:54  Assimilator  
  78  5:55  Assimilator, Observer  
  78  5:56  Probe  
  79  5:57  Probe  
  79  6:02  Templar Archives  
  79  6:03  Probe  
  81  6:05  Assimilator  
  81  6:07  Pylon  
  81  6:08  Zealot  
  83  6:12  Immortal  
  83  6:19  Zealot x3  
  83  6:20  Pylon  
  83  6:22  Pylon, Probe x3  
  96  6:31  Stalker x2  
  98  6:41  Zealot x5  
  98  6:45  Pylon  
  98  6:46  Immortal, Probe  
  109  6:48  Zealot  
  115  7:00  Observer  
  115  7:01  Pylon  
  115  7:03  High Templar x2  
  115  7:06  Sentry  
  121  7:09  Nexus  
  121  7:10  Pylon  
  121  7:11  Archon  
  121  7:13  Observer  
  121  7:16  Probe  
  121  7:18  Photon Cannon, Probe  
  121  7:19  Photon Cannon  
  121  7:22  Immortal, Probe  
  124  7:25  Observer  
  124  7:28  Probe  
  130  7:37  High Templar  
  130  7:38  Zealot x3, High Templar  
  139  7:49  Archon  
  139  7:53  Zealot  
  139  8:08  Zealot  
  139  8:10  Zealot x6  
Tags
 
Add a new tag
Caveats
  • Supply blocks, unpowered buildings, or Contaminate may cause inaccurate times.
  • Supply counts are checked every 10 seconds.